 Dungeon Crawl Stone Soup version 0.31-a0-217-g58bb5d79cf (webtiles) character file.

Game seed: 15724352753857642346

17 qw the Shooter (level 2, -3/16 HPs)
             Began as a Gargoyle Hexslinger on July 2, 2023.
             Slain by a worm (6 damage)
             ... on level 2 of the Dungeon.
             The game lasted 00:00:16 (784 turns).

qw the Shooter (Gargoyle Hexslinger)                 Turns: 784, Time: 00:00:16

Health: -3/16      AC:  6    Str: 11    XL:     2   Next: 62%
Magic:  3/3        EV: 11    Int: 13    God:
Gold:   70         SH:  5    Dex: 12    Spells: 2/3 levels left

rFire   + . .        Y - +1 sling
rCold   + . .        (no shield)
rNeg    + . .        k - +0 leather armour
rPois   inf          h - +0 helmet
rElec   +            (no cloak)
rCorr   +            (no gloves)
SInv    .            (no boots)
Will    .....        g - amulet of reflection
Stlth   +            (no ring)
HPRegen 0.22/turn    (no ring)
MPRegen 0.08/turn

%: reflection
@: resistant (expiring), weak-willed
A: sickness immunity, AC +2, negative energy resistance 1, electricity
resistance, torment resistance 1, petrification resistance
a: no special abilities


You were on level 2 of the Dungeon.
You visited 1 branch of the dungeon, and saw 2 of its levels.

You collected 70 gold pieces.


Innate Abilities, Weirdness & Mutations

You are immune to sickness and miasma.
Your stone body is resilient. (AC +2)
You are immune to poison.
You resist negative energy. (rN+)
You are resistant to electric shocks. (rElec)
You are resistant to unholy torment.
You are immune to petrification.


   Skills:
 + Level 1.4 Fighting
 - Level 3.0 Ranged Weapons
 - Level 1.5 Dodging
 - Level 1.0 Spellcasting
 - Level 2.6 Hexes


You had 2 spell levels left.
You knew the following spells:

 Your Spells              Type           Power      Damage    Failure   Level
a - Slow                  Hex            28%        N/A       12%         1

Your spell library contained the following spells:

 Spells                   Type           Power      Damage    Failure   Level
 Inner Flame              Hex/Fire       4%         N/A       54%         3
 Portal Projectile        Hex/Tloc       8%         N/A       54%         3
 Cause Fear               Hex            3%         N/A       77%         4

Inventory:

Hand Weapons
 Y - a +1 sling (weapon)
Armour
 h - a +0 helmet (worn)
 k - a +0 leather armour (worn)
Jewellery
 g - an amulet of reflection (around neck)
Potions
 i - a potion of berserk rage {unknown}
 l - a potion of resistance

Dungeon Overview and Level Annotations

Branches:
Dungeon (2/15)

Altars:


Message History

The sling bullet hits the worm but does no damage.
You shoot a sling bullet. The sling bullet hits the worm.
The worm is moderately wounded.
You shoot a sling bullet. The sling bullet hits the worm.
The worm is heavily wounded.
You shoot a sling bullet. The sling bullet hits the worm.
The worm is severely wounded.
You block the worm's attack.
You shoot a sling bullet.
The sling bullet barely misses the worm.
You shoot a sling bullet. The sling bullet hits the worm.
The worm is severely wounded.
The worm closely misses you.
You shoot a sling bullet. The sling bullet hits the worm.
The worm is severely wounded.
The worm closely misses you.
You shoot a sling bullet.
The sling bullet completely misses the worm.
The worm bites you.
You shoot a sling bullet. The sling bullet hits the worm.
The worm is severely wounded.
You shoot a sling bullet. The sling bullet hits the worm.
The worm is almost dead.
You block the worm's attack.
You shoot a sling bullet. The sling bullet hits the worm.
The worm is almost dead.
You block the worm's attack.
You shoot a sling bullet. The sling bullet hits the worm.
The worm is almost dead.
The worm closely misses you.
You shoot a sling bullet.
The sling bullet barely misses the worm.
You shoot a sling bullet. The sling bullet hits the worm.
The worm is almost dead.
You start to feel less resistant.
The worm bites you!
Ouch! That really hurt!
784 ||| STAIRDANCE The worm bites you.
You die...

#######
.....####
#.......#
#.......#
#..^....#
#..@....#
#..w....#
#.....?.#
#.......#
#########


You could see a worm.

Vanquished Creatures
  A dart slug (D:1)
  An endoplasm (D:1)
  A giant cockroach (D:1)
  3 goblins (D:1)
  A hobgoblin (D:1)
  A kobold (D:1)
  A quokka (D:1)
  3 ball pythons (D:1)
  2 rats (D:1)
14 creatures vanquished.

Notes
Turn   | Place    | Note
-------+----------+-------------------------------------------
     0 | D:1      | qw the Gargoyle Hexslinger began the quest for the Orb.
     0 | D:1      | Reached XP level 1. HP: 12/12 MP: 2/2
     0 | D:1      | 0 ||| qw: Version: 0.3-a-40-ge99b1a8
     0 | D:1      | 0 ||| qw: Game counter: 66
     0 | D:1      | 0 ||| qw: Melee chars always use a shield: true
     0 | D:1      | 0 ||| qw: God list: Okawaru
     0 | D:1      | 0 ||| qw: Allow faded altars: false
     0 | D:1      | 0 ||| qw: Do Orc after clearing Dungeon:15 true
     0 | D:1      | 0 ||| qw: Do second Lair branch before Depths: true
     0 | D:1      | 0 ||| qw: Lair rune preference: random
     0 | D:1      | 0 ||| qw: Goals: Normal
     0 | D:1      | 0 ||| PLANNING D:1-11
    24 | D:1      | Found a faded altar of an unknown god.
   225 | D:1      | Reached XP level 2. HP: 8/16 MP: 3/3
   565 | D:1      | Reached skill level 3 in Ranged Weapons
   729 | D:1      | 729 ||| UPGRADING to +0 helmet.
   734 | D:1      | 734 ||| UPGRADING to +0 leather armour.
   744 | D:1      | 744 ||| DROPPING +0 robe.
   745 | D:1      | 745 ||| UPGRADING to amulet of reflection.
   750 | D:1      | 750 ||| READING scroll labelled FOSKEM HUOGAD.
   751 | D:1      | 751 ||| READING scroll labelled VUOCZO SIGIAST.
   752 | D:1      | 752 ||| READING scroll labelled NAL ENNUINLIMO.
   753 | D:1      | 753 ||| READING scroll labelled XAUSUT ODIECUIC.
   754 | D:1      | 754 ||| DRINKING 2 fizzy cyan potions.
   755 | D:1      | 755 ||| DROPPING scroll of poison.
   783 | D:2      | HP: 2/16 [worm (9)]
   784 | D:2      | 784 ||| STAIRDANCE
   784 | D:2      | Slain by a worm

Levels and vault maps discovered:
D:1:      dpeg_arrival_refuge, layout_loops_ring, ebering_ecumenical_altar_mist
D:2:      layout_loops_cross, dilly_guarded_unrand_morg

Skill      XL: |  1  2 |
---------------+-------+-----
Ranged Weapons | 3 |  3.0
Fighting       | |  1.4
Dodging        | |  1.5
Spellcasting   | |  1.0
Hexes          | |  2.6

Action                     || total
---------------------------++-------
   Fire: Sling             ||    55
    Use: Scroll            ||     4
         Potion            ||     1
 Armour: Robe              ||     3
  Dodge: Dodged            ||    17
  Block: Other             ||     3

Table legend:
 A = Non-vault XP
 B = Vault XP
 C = Vault XP percentage of total XP
 D = Non-vault monster count
 E = Vault monster count
 F = Vault count percentage of total count
                 A         B        C        D         E       F
            +---------+---------+-------+---------+---------+-------
      Total |      25 |       0 |   0.0 |      14 |       0 |   0.0
            +---------+---------+-------+---------+---------+-------
        D:1 |      25 |       0 |   0.0 |      14 |       0 |   0.0
            +---------+---------+-------+---------+---------+-------
